Map: Prion Terraces

Players

Miltreta - Winner!

  • Race: Terran Terran
  • League: Bronze

juancito

  • Race: Protoss Protoss
  • League: Silver

VOD

Have the link to the VOD?

Description

Time

  • Played on: March 10, 2016, 5:14 p.m.
  • Length: 22:54
Show
View Real Time Build Order
Export as new Build Order

Miltreta Terran - Winner!

Build Orders:  

Get SALT Encoding   

  12  0:01  SCV  
  13  0:19  SCV  
  13  0:20  Supply Depot  
  14  0:31  SCV  
  14  0:35  Refinery  
  15  0:43  Barracks  
  15  0:45  SCV  
  16  1:03  Supply Depot  
  16  1:05  SCV  
  16  1:06  Refinery  
  17  1:17  SCV  
  18  1:29  SCV  
  18  1:32  Marine  
  20  1:41  SCV  
  21  1:49  Barracks  
  21  1:50  Marine  
  22  2:07  Marine  
  23  2:26  Reaper  
  24  2:40  Barracks Reactor  
  24  2:54  Engineering Bay  
  24  2:58  Reaper  
  25  3:04  Command Center  
  25  3:17  Barracks, Reaper  
  25  3:19  Reaper  
  27  3:23  Terran Infantry Armor Level 1  
  27  3:40  Barracks Tech Lab  
  26  5:00  Marine x3  
  26  5:29  Marauder  
  26  5:31  Barracks Tech Lab  
  26  5:34  Stimpack  
  28  5:35  Barracks Reactor  
  28  5:44  SCV  
  28  5:45  Factory, Orbital Command  
  29  5:51  Marauder  
  31  6:01  Engineering Bay  
  31  6:04  Marine  
  31  6:05  Marine  
  33  6:11  Terran Infantry Weapons Level 1  
  33  6:18  SCV  
  33  6:20  SCV  
  35  6:30  SCV  
  35  6:32  Supply Depot, SCV  
  37  6:35  Supply Depot  
  37  6:36  Supply Depot  
  37  6:38  Supply Depot  
  37  6:45  Factory Tech Lab  
  37  6:53  Starport  
  37  7:01  Barracks  
  37  7:05  Marine x2  
  37  7:07  Marauder  
  38  7:20  Missile Turret  
  37  7:28  Marauder  
  37  7:49  Missile Turret  
  37  7:50  SCV x2  
  39  7:51  Missile Turret  
  39  7:55  Missile Turret  
  39  7:56  Marine, Marauder  
  39  7:57  Marine x3  
  45  8:01  Barracks Tech Lab  
  45  8:07  Starport Reactor  
  45  8:13  Building Armor  
  45  8:17  Marauder  
  47  8:25  Marine x2  
  47  8:26  Marine x2  
  51  8:27  Marauder  
  51  8:30  Siege Tank  
  56  8:41  SCV  
  56  8:42  SCV  
  58  8:52  Medivac x2  
  58  8:53  SCV  
  64  9:04  Orbital Command  
  63  9:15  Marine x2  
  63  9:16  Marine x2  
  67  9:18  Marauder x2  
  67  9:22  Medivac x2  
  75  9:34  SCV x2, Missile Turret  
  77  9:46  SCV  
  78  9:52  Supply Depot  
  78  9:56  SCV, Siege Tank  
  82  10:18  SCV x2  
  84  10:30  SCV x2  
  84  10:33  Command Center  
  86  10:35  Refinery  
  86  10:36  Refinery  
  57  11:44  Marine x4  
  57  11:46  Marauder x2  
  53  11:47  Siege Tank  
  53  11:50  Medivac x2  
  53  11:54  SCV x2  
  62  11:57  SCV  
  63  12:06  SCV x2  
  65  12:09  SCV  
  65  12:13  Sensor Tower  
  66  12:19  Siege Tank  
  68  12:43  Missile Turret  
  62  12:52  Medivac x2  
  62  12:58  Marine x3  
  65  12:59  Marine  
  65  13:00  Marauder  
  65  13:01  Marauder  
  65  13:02  Siege Tank  
  75  13:15  Starport  
  75  13:20  Barracks  
  75  13:22  Medivac x2  
  79  13:34  Cyclone  
  82  13:46  Marine x3  
  82  13:47  Marine  
  82  13:48  Marauder x2  
  90  13:52  Medivac x2  
  92  14:04  Factory, Starport  
  92  14:06  Siege Tank  
  90  14:36  Command Center  
  90  14:55  Barracks Tech Lab  
  90  14:57  Sensor Tower  
  13  19:04  Command Center  
  13  19:09  Supply Depot  
  13  19:11  Refinery  
  13  19:13  Engineering Bay  
  13  19:45  Missile Turret  
  13  19:46  Missile Turret x2  
  13  19:48  Missile Turret x3  
  13  19:49  Missile Turret x2  
  13  19:50  Missile Turret  
  13  19:52  Missile Turret  
  13  19:53  Missile Turret  
  13  20:11  Barracks  
  13  20:12  Barracks  
  13  20:15  Barracks  
  13  20:17  Barracks  
  13  20:25  Missile Turret x2  
  13  20:26  Missile Turret  
  13  20:32  Missile Turret  
  13  21:00  Missile Turret  
  13  21:03  Missile Turret x2  
  13  21:11  Barracks Reactor x4  
  13  21:27  Supply Depot x2  
  13  21:29  Supply Depot  
  13  21:31  Supply Depot  
  13  21:38  Orbital Command  
  13  21:51  Marine  
  13  21:52  Marine x5  
  13  21:53  Marine x2  
Show
View Real Time Build Order
Export as new Build Order

juancito Protoss 

Build Orders:  

Get SALT Encoding   

  12  0:03  Probe (Chrono Boost)  
  13  0:14  Probe (Chrono Boost)  
  14  0:29  Pylon  
  14  0:34  Probe (Chrono Boost)  
  15  0:47  Probe (Chrono Boost)  
  16  1:04  Probe (Chrono Boost)  
  16  1:06  Pylon  
  17  1:27  Gateway  
  17  1:31  Forge  
  17  1:42  Probe (Chrono Boost)  
  17  1:44  Nexus  
  18  1:47  Assimilator  
  18  1:53  Probe (Chrono Boost), Assimilator  
  19  2:14  Photon Cannon  
  19  2:16  Photon Cannon  
  19  2:25  Assimilator  
  19  2:29  Assimilator  
  19  2:43  Cybernetics Core  
  19  2:50  Probe (Chrono Boost)  
  20  3:01  Probe (Chrono Boost)  
  21  3:11  Probe (Chrono Boost)  
  22  3:21  Probe (Chrono Boost)  
  22  3:22  Probe (Chrono Boost)  
  24  3:32  Probe x2 (Chrono Boost)  
  26  3:40  Stargate  
  26  3:43  Probe x2 (Chrono Boost)  
  28  3:53  Mothership Core (Chrono Boost)  
  30  4:06  Probe (Chrono Boost)  
  31  4:16  Probe (Chrono Boost)  
  28  4:24  Void Ray  
  28  4:27  Probe (Chrono Boost)  
  32  4:37  Probe (Chrono Boost)  
  32  4:38  Stalker  
  30  4:48  Probe (Chrono Boost)  
  24  5:08  Zealot  
  19  5:27  Probe (Chrono Boost)  
  19  5:35  Adept  
  21  5:38  Probe (Chrono Boost)  
  21  5:41  Probe (Chrono Boost)  
  23  5:46  Oracle  
  23  5:48  Probe (Chrono Boost)  
  27  5:51  Probe (Chrono Boost)  
  28  5:59  Probe (Chrono Boost)  
  28  6:02  Sentry, Probe (Chrono Boost)  
  32  6:09  Probe (Chrono Boost)  
  33  6:12  Probe (Chrono Boost)  
  34  6:20  Probe (Chrono Boost)  
  34  6:23  Probe (Chrono Boost)  
  34  6:24  Phoenix  
  38  6:28  Stalker  
  40  6:33  Probe (Chrono Boost)  
  41  6:44  Probe (Chrono Boost)  
  42  6:54  Probe (Chrono Boost)  
  42  6:55  Probe (Chrono Boost)  
  44  7:05  Probe x2 (Chrono Boost)  
  46  7:31  Probe (Chrono Boost)  
  44  7:40  Protoss Air Weapons Level 1  
  44  7:42  Probe (Chrono Boost)  
  45  7:52  Pylon, Probe (Chrono Boost)  
  46  7:59  Pylon  
  46  8:04  Pylon  
  46  8:08  Pylon  
  46  8:10  Sentry, Void Ray  
  46  8:11  Pylon  
  52  8:36  Stalker  
  52  8:37  Stargate  
  52  8:39  Stargate  
  52  9:00  Probe (Chrono Boost)  
  53  9:06  Adept  
  55  9:10  Probe (Chrono Boost)  
  56  9:21  Probe (Chrono Boost)  
  56  9:22  Void Ray  
  61  9:24  Void Ray  
  61  9:26  Void Ray  
  69  9:31  Probe (Chrono Boost)  
  69  9:33  Zealot  
  72  9:42  Probe (Chrono Boost)  
  73  9:59  Stargate  
  73  10:00  Stalker  
  75  10:11  Void Ray  
  79  10:30  Stalker  
  81  10:42  Protoss Air Armor Level 1  
  81  10:44  Void Ray  
  81  10:45  Pylon  
  81  10:48  Pylon  
  85  10:50  Pylon  
  85  10:52  Pylon  
  85  10:55  Pylon  
  85  10:57  Pylon  
  85  11:03  Void Ray  
  91  11:08  Void Ray  
  58  11:47  Void Ray  
  62  12:08  Pylon  
  62  12:11  Pylon, Void Ray, Stalker  
  62  12:13  Pylon  
  62  12:18  Pylon, Void Ray  
  62  12:21  Void Ray  
  70  12:41  Stalker  
  56  13:04  Void Ray  
  60  13:05  Void Ray  
  60  13:07  Void Ray  
  60  13:10  Void Ray  
  60  13:11  Stalker  
  74  13:47  Void Ray  
  78  13:50  Void Ray  
  78  13:53  Void Ray  
  78  14:36  Void Ray  
  82  14:38  Void Ray  
  74  15:28  Void Ray  
  44  17:49  Nexus  
  30  18:58  Nexus  
  26  20:22  Probe (Chrono Boost)  
  23  21:48  Probe (Chrono Boost)  
Tags
 
Add a new tag
Caveats
  • Supply blocks, unpowered buildings, or Contaminate may cause inaccurate times.
  • Supply counts are checked every 10 seconds.